 Dungeon Crawl Stone Soup version 0.29-a0-334-gb41bcbb86e (webtiles) character file.

Game seed: 2623719036187286199

203305 Essalna the Warrior (level 19, -3/249 HPs)
             Began as a Djinni Earth Elementalist on Apr 14, 2022.
             Was the Champion of Makhleb.
             Slain by a Hell Sentinel (8 damage)
             ... summoned by a deep elf demonologist
             ... on level 3 of the Elven Halls on Apr 15, 2022.
             The game lasted 02:11:43 (33914 turns).

Essalna the Warrior (Djinni Earth Elementalist)    Turns: 33914, Time: 02:11:43

Health: -3/249     AC: 23    Str:  7    XL:     19   Next: 78%
Gold:   2809       EV: 20    Int: 26    God:    Makhleb [******] SH:  0 Dex: 16

rFire   + + +      SeeInvis .   s - +4 spear of Termination {vorpal, Int+5}
rCold   + . .      Faith    .   k - +1 buckler {rF+}
rNeg    + . .      Spirit   .   T - +1 troll leather armour
rPois   ∞          Reflect  .   P - +2 helmet
rElec   +          Harm     .   l - +0 cloak
rCorr   +          Rampage  .   y - +2 pair of gloves "Mip Veno" {rC+ rN+}
Will    +....                   (boots unavailable)
Stlth   ..........              z - amulet of Vitality {Regen+ HP+15}
HPRegen 2.11/turn               O - +4 ring of protection
MPRegen 0.00/turn               r - +4 ring of protection

@: confused, berserking, death channelling, resistant, ambrosia-drunk,
attractive, flying, very slightly contaminated, hasted, unable to read, very
quick
A: sickness immunity, fire resistance 2, cold vulnerability 1, float, innate
caster, HP casting, extra vitality 1, deformed body, dopey 1, inability to read
while threatened
a: Renounce Religion, Minor Destruction, Lesser Servant of Makhleb, Major
Destruction, Greater Servant of Makhleb


You were on level 3 of the Elven Halls.
You worshipped Makhleb.
Makhleb was exalted by your worship.
You visited 7 branches of the dungeon, and saw 32 of its levels.
You visited the Abyss 1 time.
You visited 1 bazaar.
You also visited: Bailey, Gauntlet and Ice Cave.

You collected 3934 gold pieces.
You spent 1125 gold pieces at shops.

Inventory:

Hand Weapons
 n - the +7 great mace "Undeadhunter" {disrupt, rN+}
   (You found it on level 2 of the Dungeon)

   It inflicts significantly more damage against the undead.
   rN:        It protects you from negative energy.
 s - the +4 spear of Termination (weapon) {vorpal, Int+5}
   (You found it on level 3 of the Dungeon)

   It inflicts extra damage upon your enemies.
   Int:       It affects your intelligence (+5).
Armour
 k - a +1 buckler of fire resistance (worn)
 l - a +0 cloak (worn)
 y - the +2 pair of gloves "Mip Veno" (worn) {rC+ rN+}
   (You bought it in a shop on level 5 of the Dungeon)

   rC:        It protects you from cold.
   rN:        It protects you from negative energy.
 P - a +2 helmet (worn)
 T - a +1 troll leather armour (worn)
Magical Staves
 j - a staff of conjuration
 S - a staff of earth
Jewellery
 d - the ring "Punurr" {Int+9 Dex+6}
   (You found it on level 2 of the Shoals)

   [ring of dexterity]

   Int:       It affects your intelligence (+9).
   Dex:       It affects your dexterity (+6).
 r - a +4 ring of protection (right hand)
 z - the amulet of Vitality (around neck) {Regen+ HP+15}
   (You bought it in a shop on level 1 of the Elven Halls)

   [amulet of regeneration]

   HP:        It affects your health (+15).
   Regen:     It increases your rate of health regeneration.
 G - a ring of willpower
 I - an amulet of regeneration
 K - a ring of protection from fire
 O - a +4 ring of protection (left hand)
 U - the ring of Korromas {Int+6 Dex+3}
   (You found it in a Gauntlet)

   [ring of intelligence]

   Int:       It affects your intelligence (+6).
   Dex:       It affects your dexterity (+3).
 X - a ring of willpower
 Z - a ring of see invisible
Wands
 N - a wand of digging (11)
 Q - a wand of iceblast (12)
Scrolls
 a - a scroll of brand weapon
 b - a scroll of holy word
 e - 34 scrolls of identify
 g - a scroll of blinking
 i - 2 scrolls of amnesia
 o - 10 scrolls of teleportation
 p - 3 scrolls of vulnerability
 w - 3 scrolls of fear
 A - 5 scrolls of immolation
 F - a scroll of fog
 R - 6 scrolls of enchant armour
 V - a scroll of enchant weapon
 W - 6 scrolls of magic mapping
Potions
 c - 8 potions of brilliance
 h - 2 potions of haste
 m - 7 potions of attraction
 q - a potion of ambrosia
 u - 5 potions of magic {unknown}
 v - 11 potions of degeneration
 x - 4 potions of invisibility {unknown}
 C - 7 potions of mutation
 D - 5 potions of cancellation {unknown}
 E - 6 potions of might {unknown}
 H - a potion of resistance
 L - 3 potions of lignification {unknown}
 M - 6 potions of flight {unknown}


   Skills:
 + Level 18.5 Fighting
 - Level 16.0 Armour
 - Level 16.2 Dodging
 - Level 1.5 Stealth
 - Level 4.0 Shields
 + Level 14.8 Spellcasting


You couldn't memorise any spells.
You knew the following spells:

 Your Spells              Type           Power      Damage    Failure   Level
a - Sandblast             Erth           100%       2d20      0%          1
b - Passwall              Tmut/Erth      64%        N/A       0%          2
c - Stone Arrow           Conj/Erth      100%       3d13      1%          3
d - Petrify               Tmut/Erth      77%        N/A       1%          4
e - Animate Skeleton      Necr           100%       N/A       0%          1
f - Call Imp              Summ           77%        N/A       0%          2
g - Inner Flame           Hex/Fire       77%        N/A       1%          3
h - Animate Dead          Necr           38%        N/A       1%          4
i - Summon Forest         Summ/Tloc      38%        N/A       1%          5
j - Yara's Violent Unrav  Hex/Tmut       38%        3d15      1%          5
k - Death Channel         Necr           38%        N/A       1%          6
l - Simulacrum            Ice/Necr       38%        N/A       1%          6
m - Malign Gateway        Summ/Tloc      38%        N/A       9%          7
Your spell library was empty.

Dungeon Overview and Level Annotations

Branches:
Dungeon (15/15)            Temple (1/1) D:7            Lair (6/6) D:10
 Shoals (3/4) Lair:2        Snake (2/4) Lair:4        Slime (0/5) Lair:6
    Orc (2/2) D:11            Elf (3/3) Orc:2        Vaults (0/5) D:14
 Depths (0/4) D:15         Bailey (visited)           IceCv (visited)
Gauntlet (visited)

Altars:
Ashenzari
Dithmenos
Fedhas
Gozag
Kikubaaqudgha
Makhleb
Nemelex Xobeh
Okawaru
Ru
Yredelemnul
The Shining One
Beogh

Shops:
D:5 ::[[   D:14 *   Orc:2 !?*(   Elf:1 ==:


Innate Abilities, Weirdness & Mutations

You are immune to sickness and miasma.
You are immune to poison.
Your flesh is very heat resistant. (rF++)
You are vulnerable to cold. (rC-)
You float through the air rather than walking.
You learn spells naturally, not from books.
Your magical power is your life essence.
You have superior vitality. (+4 MHP)
Armour fits poorly on your strangely shaped body.
You are dopey. (Int -2)
You sometimes lose the ability to read scrolls when taking damage.


Message History

The deep elf annihilator gestures wildly while chanting.
The deep elf annihilator blinks!
The deep elf demonologist gestures wildly while chanting.
The smoke demon barely misses you.
The smoke demon hits you but does no damage.
The smoke demon completely misses you. The orange demon closely misses you.
The chaos spawn misses you.
It was a potion of ambrosia.
You are confused.
You feel invigorated.
The Hell Sentinel hits you but does no damage.
The Hell Sentinel hits you.
* * * LOW HITPOINT WARNING * * *
The deep elf annihilator completely misses you.
Okay, then.
It was a potion of berserk rage.
A red film seems to cover your vision as you go berserk!
You feel yourself moving faster!
You feel mighty!
Your eldritch tentacle slaps the Hell Sentinel but does no damage.
Your eldritch tentacle claws the Hell Sentinel but does no damage.
The deep elf demonologist hits you with a +0 rapier!
* * * LOW HITPOINT WARNING * * *
The Hell Sentinel hits you!!
* * * LOW HITPOINT WARNING * * *
The Hell Sentinel completely misses you.
The orange demon misses you.
The smoke demon hits you but does no damage.
The smoke demon misses you.
The smoke demon hits you but does no damage.
The deep elf annihilator hits you with a +0 rapier.
* * * LOW HITPOINT WARNING * * *
You feel clever.
s - the +4 spear of Termination (weapon)
{vorpal, Int+5} You feel a strong urge to attack something.
Your eldritch tentacle slaps the soul eater.
Your eldritch tentacle shocks the soul eater!
Your eldritch tentacle claws the soul eater!
The soul eater's magic leaks into the air.
The Hell Sentinel hits you!
You die...

#########
#3ee313:##
#@14w§$$:
#########
##14e§$$$
#.......#
##$!$)[
##.#####.#
##}[ .....#
#.# #
.....###.##
.....##...#
##.####...#
######...###


You could see 3 Hell Sentinels, a deep elf annihilator, a soul eater (summoned,
distracted, ally target, magic disrupted), 2 deep elf demonologists, an orange
demon (summoned), 2 smoke demons, a chaos spawn (summoned) and a friendly
eldritch tentacle.

Vanquished Creatures
  A tentacled monstrosity (Shoals:2)
  A deep elf master archer (Elf:3)
  A deep elf blademaster (Elf:3)
  Gastronok (Lair:3)
  A tentacled starspawn (Abyss:2)
  Frances (Shoals:1)
  Kirke (Elf:1)
  3 deep elf sorcerers (Elf:3)
  2 curse skulls
  A ghoul (Elf:2)
  2 deep elf demonologists
  A vampire knight (Elf:2)
  A deep elf annihilator (Elf:3)
  Azrael (D:12)
  5 deep elf death magi
  3 spectral elves (Elf:2)
  2 merfolk javelineers
  Josephine (Orc:2)
  A green death (Abyss:2)
  3 merfolk impalers
  7 hydras
  An ogre mage (D:15)
  3 boulder beetles
  A rakshasa (D:14)
  An alligator snapping turtle (Shoals:1)
  9 two-headed ogres
  2 anacondas
  3 catoblepae
  5 centaur warriors
  A spriggan skeleton (Abyss:2)
  3 merfolk aquamancers (Shoals:1)
  A tengu warrior (D:15)
  13 dancing weapons
  A deep troll earth mage (D:14)
  4 death yaks
  10 deep elf knights
  3 thrashing horrors (Abyss:2)
  A shock serpent (Snake:1)
  Nergalle (D:12)
  2 orc high priests
  2 naga sharpshooters
  3 wretched stars
  4 skeletal warriors
  4 sea snakes
  4 deep elf archers
  3 lindwurms (Lair:6)
  An obsidian statue (D:14)
  3 necromancers
  2 phantasmal warriors
  A wizard (D:15)
  8 ugly things
  6 manticores
  12 deep elf pyromancers
  3 harpies
  18 deep elf zephyrmancers
  A wolf spider (D:15)
  Pikel (D:8)
  An orc knight (Orc:1)
  A mana viper (Snake:1)
  11 large abominations
  5 orc sorcerers (Orc:2)
  A faun (Shoals:2)
  3 salamanders (Snake:1)
  A merfolk siren (Shoals:1)
  15 elephants
  20 black mambas
  Maurice (D:12)
  5 cyclopes
  A centaur zombie (D:15)
  3 naga magi
  A water nymph (Shoals:2)
  A centaur skeleton (D:15)
  2 gargoyles
  14 cane toads
  2 rime drakes (Lair:5)
  A kobold demonologist (D:13)
  An efreet (D:15)
  A yaktaur (shapeshifter) (D:13)
  7 komodo dragons
  An anaconda simulacrum (IceCv)
  2 ancient zymes (Abyss:2)
  6 trolls
  4 freezing wraiths
  3 meliai (D:14)
  2 wind drakes
  8 merfolk
  A meliai (shapeshifter) (Elf:2)
  2 polar bears
  A tarantella (shapeshifter) (D:14)
  Grinder (D:4)
  10 slime creatures
  A raiju (shapeshifter) (D:14)
  4 hornets
  A snapping turtle (Shoals:1)
  17 blink frogs
  2 raiju (Abyss:2)
  12 dream sheep
  A wolf spider simulacrum (D:15)
  2 flying skulls (Elf:2)
  3 ynoxinuls (Abyss:2)
  A shadow (D:11)
  10 water elementals
  7 centaur simulacra
  7 wraiths
  13 wyverns
  25 yaks
  A vampire (D:9)
  4 air elementals
  3 hogs (Elf:1)
  A basilisk (D:13)
  4 fire elementals
  2 steam dragons (D:9)
  5 vampire mosquitoes
  3 neqoxecs
  Menkaure (D:7)
  2 redbacks (Lair:6)
  2 wargs (Orc:2)
  4 hell hounds (D:12)
  7 nagas
  2 acid dragons
  16 water moccasins
  8 ice beasts
  An ice beast (shapeshifter) (D:15)
  11 orc warriors
  A meliai simulacrum (D:12)
  8 starcursed masses (Abyss:2)
  21 wolves
  7 ogres
  2 centaurs
  3 lemures (D:8)
  An elf simulacrum (Elf:2)
  3 phantoms
  4 kobold brigands
  11 bullfrogs
  A necrophage (D:5)
  An elf zombie (Elf:1)
  3 gnoll sergeants
  6 scorpions
  6 small abominations
  An earth elemental (Elf:2)
  11 wights
  3 troll zombies (D:11)
  12 killer bees
  7 howler monkeys
  5 electric eels
  3 nameless horrors
  A quasit (Abyss:2)
  12 orc priests
  2 gnoll shamans
  3 hounds
  4 jellies
  4 iguanas
  An iron imp (Abyss:2)
  33 orc wizards
  A wolf simulacrum (IceCv)
  5 ogre zombies (D:11)
  60 gnolls
  5 adders
  3 shadow imps
  8 white imps (D:12)
  4 ufetubi
  3 dart slugs
  58 orcs
  7 endoplasms
  A giant cockroach (D:1)
  9 hobgoblins
  53 kobolds
  2 quokkas
  3 ball pythons
  3 bats
  4 frilled lizards
  8 goblins
  2 goblin zombies (D:11)
  A hobgoblin skeleton (D:11)
  3 hobgoblin zombies (D:11)
  2 orc skeletons (D:11)
  12 orc zombies (D:11)
  4 rats
  A spectral orc (D:8)
  3 lost souls (Elf:2)
  A starspawn tentacle (Abyss:2)
  2 tentacles (Shoals:2)
951 creatures vanquished.

Vanquished Creatures (collateral kills)
  Asterion (Elf:3)
  2 deep elf blademasters
  2 deep elf master archers (Elf:3)
  2 krakens (Shoals:2)
  A nagaraja (Snake:2)
  Roxanne (Elf:3)
  A balrug (Abyss:2)
  A deep elf demonologist (Elf:3)
  A minotaur (Gauntlet)
  The ghost of 1Viktor the Grappler, a journeyman TrHu of the Shining One (D:14)
  A deep elf death mage (Elf:3)
  A spectral elf (Elf:2)
  A merfolk impaler (Shoals:2)
  A naga warrior (Snake:2)
  A hydra (Lair:5)
  A death knight (D:12)
  2 merfolk aquamancers (Shoals:1)
  A centaur warrior (Shoals:1)
  8 dancing weapons
  4 death yaks (Lair:5)
  2 naga sharpshooters (Snake:1)
  8 deep elf knights
  A thrashing horror (Abyss:2)
  A sixfirhy (Gauntlet)
  4 skeletal warriors
  A sea snake (Shoals:1)
  2 deep elf archers (Elf:3)
  3 harpies (Shoals:2)
  An orc knight (Orc:2)
  5 deep elf zephyrmancers
  A wolf spider (Lair:6)
  10 deep elf pyromancers
  2 orc sorcerers (Orc:2)
  4 ugly things (D:14)
  A cyclops (D:14)
  5 slime creatures
  2 manticores
  A black mamba (Snake:2)
  A guardian serpent (Lair:6)
  7 elephants
  2 naga magi
  2 water nymphs (Shoals:1)
  2 apocalypse crabs (Shoals:2)
  2 merfolk sirens (Shoals:1)
  A gargoyle (Gauntlet)
  2 cane toads (Lair:6)
  A smoke demon (Abyss:2)
  A torpor snail (Lair:4)
  A rime drake (shapeshifter) (D:14)
  A rime drake (Lair:2)
  2 kobold demonologists
  A troll (D:11)
  A polar bear (Lair:5)
  A merfolk (Shoals:1)
  6 blink frogs
  A dream sheep (Shoals:1)
  12 yaks
  2 wraiths
  A water elemental (D:14)
  3 wyverns (Lair:6)
  A basilisk (Lair:6)
  A hog (shapeshifter) (D:14)
  2 vampire mosquitoes (D:13)
  6 nagas
  4 wargs
  A water moccasin (D:6)
  A hell hound (Abyss:2)
  2 orc warriors
  5 wolves
  A kobold brigand (D:6)
  2 small abominations (Abyss:2)
  A cane toad simulacrum (IceCv)
  2 bullfrogs (Lair:5)
  2 killer bees (D:11)
  4 starcursed masses (Abyss:2)
  A quasit (Abyss:2)
  An orc priest (Orc:1)
  6 orc wizards (Orc:2)
  A polar bear simulacrum (IceCv)
  6 white imps (D:12)
  An ufetubus (Gauntlet)
  16 orcs
  A goblin skeleton (D:11)
  A hobgoblin zombie (D:11)
  2 kobolds (D:6)
  3 orc zombies (D:11)
  3 starspawn tentacles (Abyss:2)
  2 tentacles (Shoals:2)
220 creatures vanquished.

Vanquished Creatures (others)
  17 eldritch tentacles
  3 deep elf zephyrmancers (Elf:2)
  A shapeshifter (Elf:3)
  A water elemental (Elf:2)
  A gnoll (D:9)
  A goblin (D:9)
  19 demonic plants (Gauntlet)
  43 fungi
  54 plants
  21 snaplasher vines
  8 starspawn tentacles (Abyss:2)
  23 tentacles (Shoals:2)
192 creatures vanquished.

Grand Total: 1363 creatures vanquished

Notes
Turn   | Place    | Note
-------+----------+-------------------------------------------
     0 | D:1      | Essalna the Djinni Earth Elementalist began the quest for
                  | the Orb.
     0 | D:1      | Reached XP level 1. HP: 15/15 MP: 0/0
    51 | D:1      | Found a faded altar of an unknown god.
   322 | D:1      | Reached XP level 2. HP: 21/22 MP: 0/0
   454 | D:1      | Reached skill level 1 in Fighting
   970 | D:2      | Reached XP level 3. HP: 24/27 MP: 0/0
   970 | D:2      | Learned a level 1 spell: Animate Skeleton
  1003 | D:2      | Found a blossoming altar of Fedhas.
  1238 | D:2      | Found the +7 great mace "Undeadhunter" {disrupt, rN+}
  1559 | D:3      | Noticed a phantom
  1561 | D:3      | Killed a phantom
  1562 | D:3      | Reached skill level 2 in Fighting
  1562 | D:3      | Reached skill level 1 in Shields
  1562 | D:3      | Reached XP level 4. HP: 34/34 MP: 0/0
  1562 | D:3      | Reached XP level 5. HP: 39/39 MP: 0/0
  1562 | D:3      | Learned a level 2 spell: Call Imp
  1941 | D:3      | Noticed a kobold brigand
  1941 | D:3      | Noticed a kobold brigand
  1977 | D:3      | Killed a kobold brigand
  1978 | D:3      | Reached skill level 1 in Armour
  1978 | D:3      | Reached XP level 6. HP: 30/45 MP: 0/0
  2161 | D:3      | Reached skill level 3 in Fighting
  2607 | D:3      | Reached XP level 7. HP: 37/50 MP: 0/0
  2607 | D:3      | Learned a level 3 spell: Inner Flame
  3665 | D:3      | Identified the +4 spear of Termination {vorpal, Int+5}
  3815 | D:4      | Noticed Grinder
  3820 | D:4      | Killed Grinder
  3821 | D:4      | Reached XP level 8. HP: 41/58 MP: 0/0
  4022 | D:4      | Reached skill level 4 in Fighting
  4810 | D:5      | Entered Level 5 of the Dungeon
  5391 | D:5      | Found Pyos's Antique Armour Shoppe.
  5396 | D:5      | Bought a pair of shimmering gloves for 256 gold pieces
  5396 | D:5      | Identified the +2 pair of gloves "Mip Veno" {rC+ rN+} (You
                  | bought it in a shop on level 5 of the Dungeon)
  5403 | D:5      | Found Bugaxune's Book Emporium.
  5403 | D:5      | Found Suluk's Antique Armour Shop.
  5492 | D:5      | Reached skill level 5 in Dodging
  5665 | D:5      | Reached skill level 5 in Fighting
  5665 | D:5      | Reached XP level 9. HP: 56/65 MP: 0/0
  5665 | D:5      | Learned a level 4 spell: Animate Dead
  5789 | D:5      | Found Fuajocw's Book Shoppe.
  5994 | D:6      | You are sucked into a shaft and drop 3 floors!
  6107 | D:9      | Reached skill level 5 in Spellcasting
  6142 | D:9      | Reached skill level 5 in Armour
  6164 | D:9      | Found a flagged portal.
  6194 | Bailey   | Entered a bailey
  6804 | Bailey   | Reached skill level 6 in Fighting
  7147 | D:8      | Noticed a four-headed hydra
  7352 | D:8      | Noticed Pikel
  7372 | D:8      | Killed Pikel
  7373 | D:8      | Reached XP level 10. HP: 15/73 MP: 0/0
  8351 | D:7      | Noticed a manticore
  8359 | D:7      | Killed a manticore
  8360 | D:7      | Reached skill level 7 in Fighting
  8421 | D:7      | Noticed a deep elf pyromancer
  8557 | D:7      | Killed a deep elf pyromancer
  8826 | D:7      | Found a staircase to the Ecumenical Temple.
  8842 | Temple   | Entered the Ecumenical Temple
  8989 | Temple   | Became a worshipper of Makhleb the Destroyer
  9470 | D:6      | Noticed a two-headed ogre
  9477 | D:6      | Killed a two-headed ogre
  9478 | D:6      | Reached XP level 11. HP: 34/81 MP: 0/0
  9478 | D:6      | Learned a level 5 spell: Summon Forest
  9764 | D:6      | Reached skill level 8 in Fighting
 10447 | D:7      | Noticed Menkaure
 10452 | D:7      | Killed Menkaure
 10689 | D:7      | Reached * piety under Makhleb
 11414 | D:8      | Noticed a two-headed ogre
 11424 | D:8      | Killed a two-headed ogre
 11558 | D:8      | Found a basalt altar of Yredelemnul.
 12375 | D:10     | Entered Level 10 of the Dungeon
 12375 | D:10     | Noticed a two-headed ogre
 12379 | D:10     | Killed a two-headed ogre
 12470 | D:10     | Reached skill level 9 in Fighting
 12471 | D:10     | Reached ** piety under Makhleb
 12566 | D:10     | Reached XP level 12. HP: 89/89 MP: 0/0
 12635 | D:10     | Found a staircase to the Lair.
 12692 | D:10     | Noticed a boulder beetle
 12698 | D:10     | Killed a boulder beetle
 12699 | D:10     | Reached skill level 10 in Dodging
 12945 | D:10     | Noticed a two-headed ogre
 12951 | D:10     | Killed a two-headed ogre
 13107 | Lair:1   | Entered Level 1 of the Lair of Beasts
 14350 | Lair:2   | You are sucked into a shaft and drop 2 floors!
 14369 | Lair:4   | Reached skill level 10 in Fighting
 14475 | Lair:3   | Reached *** piety under Makhleb
 14592 | Lair:3   | Noticed a boulder beetle
 14612 | Lair:3   | Killed a boulder beetle
 14626 | Lair:3   | Noticed Gastronok
 14638 | Lair:3   | Reached XP level 13. HP: 85/97 MP: 0/0
 14638 | Lair:3   | Learned a level 5 spell: Yara's Violent Unravelling
 14761 | Lair:3   | Killed Gastronok
 14762 | Lair:3   | Reached skill level 10 in Armour
 14812 | Lair:2   | Noticed a catoblepas
 14823 | Lair:2   | Gained mutation: You are dopey. (Int -2) [you]
 14824 | Lair:2   | Killed a catoblepas
 14869 | Lair:2   | Noticed a four-headed hydra
 14874 | Lair:2   | Killed a four-headed hydra
 14958 | Lair:2   | Found a staircase to the Shoals.
 15405 | Lair:2   | Identified a scroll of acquirement
 15405 | Lair:2   | Acquired 430 gold pieces
 15960 | Lair:4   | Gained mutation: Armour fits poorly on your strangely
                  | shaped body. [you]
 15970 | Lair:4   | Reached skill level 11 in Fighting
 15975 | Lair:4   | Reached **** piety under Makhleb
 16299 | Lair:4   | Found a staircase to the Snake Pit.
 16386 | Lair:4   | Noticed a six-headed hydra
 16390 | Lair:4   | Killed a six-headed hydra
 16954 | Lair:5   | Noticed a seven-headed hydra
 16959 | Lair:5   | Killed a seven-headed hydra
 17054 | Lair:5   | Noticed a catoblepas
 17064 | Lair:5   | Killed a catoblepas
 17071 | Lair:5   | Reached XP level 14. HP: 105/105 MP: 0/0
 17146 | Lair:5   | Reached ***** piety under Makhleb
 17224 | Lair:5   | Reached skill level 12 in Fighting
 17505 | Lair:5   | Identified the +1 scale mail of Midnight {+Blink Str+4}
 17834 | Lair:6   | Entered Level 6 of the Lair of Beasts
 17986 | Lair:6   | Found a staircase to the Slime Pits.
 18000 | Lair:6   | Reached skill level 10 in Spellcasting
 18262 | Lair:6   | Reached XP level 15. HP: 98/113 MP: 0/0
 18262 | Lair:6   | Learned a level 6 spell: Death Channel
 18426 | Lair:6   | Reached ****** piety under Makhleb
 18692 | Lair:6   | Reached skill level 13 in Fighting
 19064 | Snake:1  | Entered Level 1 of the Snake Pit
 20048 | Snake:2  | Noticed a nagaraja
 20082 | Snake:2  | Killed a nagaraja
 20238 | Shoals:1 | Entered Level 1 of the Shoals
 20518 | Shoals:1 | Reached XP level 16. HP: 81/122 MP: 0/0
 20893 | Shoals:1 | Reached skill level 15 in Dodging
 20990 | Shoals:1 | Reached skill level 14 in Fighting
 21017 | Shoals:1 | Noticed Frances
 21028 | Shoals:1 | Killed Frances
 21484 | Shoals:2 | Noticed a kraken
 21622 | Shoals:2 | Noticed a tentacled monstrosity
 21638 | Shoals:2 | Killed a tentacled monstrosity
 21649 | Shoals:2 | Identified the ring "Punurr" {Int+9 Dex+6}
 21701 | Shoals:2 | Killed a kraken
 21808 | Shoals:2 | Noticed a kraken
 22393 | Shoals:2 | Killed a kraken
 23023 | D:11     | Found a staircase to the Orcish Mines.
 23305 | Orc:1    | Entered Level 1 of the Orcish Mines
 23627 | Orc:2    | Entered Level 2 of the Orcish Mines
 23734 | Orc:2    | Reached XP level 17. HP: 124/130 MP: 0/0
 23734 | Orc:2    | Learned a level 6 spell: Simulacrum
 23825 | Orc:2    | Found Ugrefry's Distillery.
 23825 | Orc:2    | Found Withey's Magic Scroll Shop.
 24114 | Orc:2    | Found Pivu Path's General Store.
 24114 | Orc:2    | Found Ytagrium's Weapon Shop.
 24194 | Orc:2    | Noticed Josephine
 24203 | Orc:2    | Killed Josephine
 24304 | Orc:2    | Found a staircase to the Elven Halls.
 24584 | D:12     | Found a gate leading to a gauntlet.
 24591 | Gauntlet | Entered a Gauntlet
 24591 | Gauntlet | Found a transporter.
 24591 | Gauntlet | Found a transporter.
 24591 | Gauntlet | Found a transporter.
 24592 | Gauntlet | Found a transporter.
 24596 | Gauntlet | Found a transporter.
 24601 | Gauntlet | Found a transporter.
 24602 | Gauntlet | Found a transporter.
 24604 | Gauntlet | Found a transporter.
 24605 | Gauntlet | Found a transporter.
 24607 | Gauntlet | Found a transporter.
 24615 | Gauntlet | Found a transporter.
 24616 | Gauntlet | Found a transporter.
 24885 | Gauntlet | Gained mutation: You sometimes lose the ability to read
                  | scrolls when taking damage. [a neqoxec]
 24890 | Gauntlet | Identified the ring of Korromas {Int+6 Dex+3}
 24985 | D:12     | Found a frozen archway.
 25025 | IceCv    | Entered an ice cave
 25067 | IceCv    | Found a transporter.
 25089 | IceCv    | Found a transporter.
 25128 | D:12     | Noticed Azrael
 25140 | D:12     | Killed Azrael
 25247 | D:12     | Noticed Maurice
 25252 | D:12     | Killed Maurice
 25338 | D:12     | Reached skill level 15 in Fighting
 26186 | D:13     | Reached skill level 15 in Armour
 26191 | D:12     | Noticed Nergalle
 26234 | D:12     | Killed Nergalle
 26719 | D:14     | Found a gate to the Vaults.
 27075 | D:14     | Found a runed translucent gate.
 27076 | D:14     | Found a runed translucent gate.
 27078 | D:14     | Found a runed translucent gate.
 27078 | D:14     | Found an opulent altar of Gozag.
 27080 | D:14     | Found Nyrutrir's Assorted Antiques.
 27080 | D:14     | Noticed 1Viktor's ghost (journeyman TrHu)
 27441 | D:15     | Entered Level 15 of the Dungeon
 27680 | D:15     | Reached XP level 18. HP: 134/139 MP: 0/0
 27720 | D:15     | Found a staircase to the Depths.
 28209 | D:15     | Reached skill level 16 in Fighting
 28501 | D:14     | Killed 1Viktor's ghost
 28723 | Elf:1    | Entered Level 1 of the Elven Halls
 28823 | Elf:1    | Noticed Kirke
 28838 | Elf:1    | Killed Kirke
 28964 | Elf:1    | Identified the +9 quarterstaff "Hidy" {vorpal, rN+ Int+2
                  | Stlth+}
 29349 | Elf:1    | Found Nutwyrgh's Jewellery Shoppe.
 29351 | Elf:1    | Found Seavoim's Book Shop.
 29352 | Elf:1    | Found Ujone's Jewellery Shoppe.
 29358 | Elf:1    | Bought the amulet of Vitality {Regen+ HP+15} for 869 gold
                  | pieces
 29358 | Elf:1    | Found the amulet of Vitality {Regen+ HP+15}
 29837 | Elf:2    | Found a flickering gateway to a bazaar.
 29846 | Bazaar   | Entered a bazaar
 29896 | Bazaar   | Found Nemmam's Jewellery Shoppe.
 29912 | Bazaar   | Found Fusuyn's Armour Emporium.
 29928 | Bazaar   | Found Xobba Gun's Magic Scroll Emporium.
 30078 | Elf:2    | Cast into level 2 of the Abyss (+2 flail of distortion)
 30089 | Abyss:2  | Found a snail-covered altar of Cheibriados.
 30554 | Abyss:2  | Paralysed by an air elemental for 1 turns
 30675 | Abyss:2  | Paralysed by accursed screaming for 1 turns
 30678 | Abyss:2  | Paralysed by accursed screaming for 1 turns
 30852 | Elf:2    | Escaped the Abyss
 31142 | Elf:2    | Noticed an Ice Fiend
 31260 | Elf:3    | Entered Level 3 of the Elven Halls
 31563 | Elf:3    | HP: 7/151 [jiangshi[a curse skull] (11)]
 31572 | Elf:3    | Reached skill level 17 in Fighting
 31690 | Elf:2    | Identified the +8 flail of Uggevim {freeze, rC+}
 31946 | Elf:2    | Found a huge runed translucent gate.
 31948 | Elf:2    | Found a huge runed translucent gate.
 31953 | Elf:2    | Found a huge runed translucent gate.
 31954 | Elf:2    | Found a huge runed translucent gate.
 31954 | Elf:2    | Found a huge runed translucent gate.
 32038 | Elf:2    | Reached XP level 19. HP: 148/148 MP: 0/0
 32038 | Elf:2    | Learned a level 7 spell: Malign Gateway
 32293 | Elf:2    | Noticed a deep elf blademaster
 32299 | Elf:2    | Killed a deep elf blademaster
 32979 | Elf:3    | Noticed Roxanne
 32988 | Elf:3    | Killed Roxanne
 33264 | Elf:3    | Paralysed by an air elemental for 1 turns
 33269 | Elf:3    | Paralysed by an air elemental for 1 turns
 33286 | Elf:3    | Reached skill level 18 in Fighting
 33342 | Elf:3    | Noticed Asterion
 33353 | Elf:3    | Killed Asterion
 33454 | Elf:3    | Noticed a deep elf blademaster
 33459 | Elf:3    | Killed a deep elf blademaster
 33463 | Elf:3    | Noticed a deep elf blademaster
 33466 | Elf:3    | Noticed a deep elf blademaster
 33502 | Elf:3    | Killed a deep elf blademaster
 33887 | Elf:3    | Noticed a Brimstone Fiend
 33897 | Elf:3    | HP: 7/166 [deep elf annihilator/crystal spear (38)]
 33905 | Elf:3    | Noticed a Hell Sentinel
 33909 | Elf:3    | Noticed a Hell Sentinel
 33912 | Elf:3    | Noticed a Hell Sentinel
 33913 | Elf:3    | HP: 10/249 [Hell Sentinel[a deep elf demonologist] (31)]
 33913 | Elf:3    | HP: 4/249 [deep elf annihilator/+0 rapier (6)]
 33914 | Elf:3    | Slain by a Hell Sentinel

Illustrated notes

Levels and vault maps discovered:
D:1:      nzn_arrival_depleted_hourglass, layout_rooms,
          shapermc_ecumenical_altar_venn
D:2:      layout_basic, basic_altar, chequers_serial_rivers_small_3
D:3:      minmay_goblin_kobold_castle, layout_basic
D:4:      layout_cave_pools, uniq_grinder
D:5:      layout_loops_ring, serial_shops, kennysheep_mini_moat, shop,
          nicolae_shop_stone, shop_fountains
D:6:      layout_basic, chequers_serial_rivers_room_b, grunt_ministairs_2,
          hex_large
D:7:      nzn_winding_woodlands_three_and_one
          [nzn_winding_woodlands_5x15_default, nzn_winding_woodlands_5x15_pool,
          nzn_winding_woodlands_5x15_sawtooth,
          nzn_winding_woodlands_center_triple_pond], layout_cave_pods,
          minmay_temple_entry_mist, minivault_27, uniq_menkaure
D:8:      layout_basic, yredelemnul_forgotten_temple_becter,
          onia_ninara_dug_in_and_dangerous, uniq_pikel
D:9:      layout_loops_ring, enter_bailey_7
D:10:     layout_irregular_city, lair_entry_dummy
D:11:     layout_rooms, zombieorc2_lemuel, hangedman_decor_points,
          interstate_on_off
D:12:     layout_stronghold, gauntlet_entry_generic, serial_ice, serial_ice_n,
          serial_ice_h, serial_ice_o, serial_ice_c, serial_ice_k, serial_ice_m,
          portal_ice_cave_entry_imps, uniq_nergalle, uniq_maurice, uniq_azrael
D:13:     layout_cave_pools
D:14:     layout_roguey, david_vaults_2, kennysheep_boxes, ebering_ghost_gozag,
          serial_corexii_hall, chequers_hall_statues_y,
          corexii_hall_statues_deadend
D:15:     grunt_enter_depths_magical_seal, layout_gridville,
          nicolae_lava_and_water
Temple:   mainiacjoe_temple_circle_huts
Lair:1:   layout_layer_cave, serial_forest, infiniplex_forest_clump_double,
          infiniplex_forest_zigzag_2, infiniplex_forest_straight_5,
          infiniplex_forest_lined_room_3, infiniplex_forest_lined_3,
          infiniplex_forest_clump_double, serial_bayou_shore_a, uniq_harold
Lair:2:   layout_gridlike, elwin_shoals_entry_rocks
Lair:3:   layout_loops_ring, grunt_megastairs_4, uniq_gastronok
Lair:4:   layout_concentric_octagons, minmay_snake_entry_guardpost_small,
          infiniplex_staircase_pool
Lair:5:   layout_regular_city, grunt_megastairs_3
Lair:6:   hangedman_lair_tendril_chambers, layout_regular_city,
          nicolae_slime_entry_slimehenge, nicolae_lair_lindhole
Shoals:1: layout_shoals, nicolae_shoals_aquamancer_cove, uniq_frances
Shoals:2: dreamdust_from_the_deep, layout_shoals
Shoals:3: layout_shoals
Snake:1:  layout_misc_corridors, nicolae_snake_gridmaze_squiggle,
          lemuel_fruit_tree
Snake:2:  nicolae_cobra_stairs, layout_misc_corridors, basic_altar,
          minmay_snake_pond, grunt_megastairs_1, minmay_shop_star, uniq_jorgrun
Orc:1:    layout_caves, basic_altar
Orc:2:    st_orc_town, layout_caves, basic_altar, nicolae_orc_damp_corner,
          nicolae_orc_rockfall, uniq_josephine
Elf:1:    layout_loops_corners, minmay_elf_necromancy, minmay_shop_grove,
          uniq_kirke
Elf:2:    elven_hall_of_blades_hangedman_alternative
          [nicolae_vaults_blade_armed_guards], layout_geoelf_diagonals,
          serial_shops, freezing_bzr, nicolae_elf_deep_mausoleum
Elf:3:    minmay_elf_hall, layout_loops_corners, uniq_asterion, uniq_roxanne

Skill      XL: |  1  2  3  4  5  6  7  8  9 10 11 12 13 14 15 16 17 18 19 |
---------------+----------------------------------------------------------+-----
Fighting       | 1 2 3 5 6 7 9 10 11 12 13 14 15 17 18 | 18.5
Shields        | 1 2 3 4 |  4.0
Spellcasting   | 3 4 5 6 7 8 9 10 11 12 13 14 | 14.8
Armour         | 1 2 4 5 7 8 9 11 12 13 14 15 16 | 16.0
Dodging        | 3 5 6 8 9 11 12 13 14 15 16 | 16.2
Stealth        | |  1.5

Action                   |  1- 3 |  4- 6 |  7- 9 | 10-12 | 13-15 | 16-18 | 19-21 || total
-------------------------+-------+-------+-------+-------+-------+-------+-------++-------
Melee: Unarmed           |     1 |       |       |       |       |       |       ||     1
       Dagger            |     3 |       |       |       |       |       |       ||     3
       Great mace        |     2 |    26 |    43 |       |       |       |       ||    71
       Spear             |       |       |   110 |    22 |       |    33 |       ||   165
       Staff             |       |       |       |       |     9 |    14 |     1 ||    24
 Cast: Sandblast         |    34 |    36 |    75 |     9 |       |       |       ||   154
       Stone Arrow       |       |       |    93 |   307 |   500 |  1270 |   165 ||  2335
       Animate Dead      |       |       |     1 |       |       |       |       ||     1
       Summon Forest     |       |       |       |     4 |    24 |    65 |       ||    93
       Yara's Violent Un |       |       |       |       |     5 |     1 |       ||     6
       Inner Flame       |       |       |       |       |     1 |       |       ||     1
       Death Channel     |       |       |       |       |     8 |     7 |     1 ||    16
       Petrify           |       |       |       |       |       |     7 |     4 ||    11
       Simulacrum        |       |       |       |       |       |     2 |       ||     2
       Passwall          |       |       |       |       |       |     2 |       ||     2
       Malign Gateway    |       |       |       |       |       |       |    18 ||    18
Evoke: Wand              |       |       |     3 |       |       |       |       ||     3
  Use: Scroll            |       |       |     7 |     4 |     5 |     7 |     1 ||    24
       Potion            |       |       |     2 |       |     5 |     8 |    14 ||    29
 Stab: Sleeping          |       |     1 |     6 |       |       |       |       ||     7
       Distracted        |       |       |       |       |     1 |       |       ||     1
Armor: Robe              |     4 |     8 |    50 |    11 |       |       |       ||    73
       Troll leather arm |       |       |       |    49 |   140 |   373 |    89 ||   651
Dodge: Dodged            |     6 |    21 |   131 |    91 |   286 |   883 |   127 ||  1545
Block: Buckler           |       |       |    41 |    24 |    72 |   292 |    45 ||   474

Table legend: (Time is in decaauts)
 A = Elapsed time spent in this place.
 B = Non-inter-level travel time spent in this place.
 C = Inter-level travel time spent in this place.
 D = Time resting spent in this place.
 E = Time spent auto-exploring this place.
 F = Levels seen in this place.
 G = Mean time per level.
                   A        B        C        D        E       F      G
               +--------+--------+--------+--------+--------+-----+--------+
         Total |  34089 |  32479 |   1610 |    267 |  24182 |  37 |  921.3 |
       Dungeon |  16479 |  15589 |    890 |    128 |  12586 |  15 | 1098.6 |
        Temple |    169 |    140 |     29 |      0 |    131 |   1 |  169.0 |
          Lair |   6120 |   5796 |    324 |      0 |   4678 |   6 | 1020.0 |
        Shoals |   2339 |   2253 |     86 |      0 |   1471 |   3 |  779.7 |
     Snake Pit |   1103 |   1044 |     59 |      0 |    802 |   2 |  551.5 |
  Orcish Mines |   1305 |   1201 |    104 |      0 |    818 |   2 |  652.5 |
   Elven Halls |   4315 |   4198 |    117 |    139 |   2748 |   3 | 1438.3 |
         Abyss |    776 |    776 |      0 |      0 |      0 |   1 |  776.0 |
        Bazaar |    104 |    104 |      0 |      0 |     93 |   1 |  104.0 |
        Bailey |    910 |    910 |      0 |      0 |    822 |   1 |  910.0 |
      Ice Cave |     91 |     91 |      0 |      0 |     33 |   1 |   91.0 |
      Gauntlet |    373 |    373 |      0 |      0 |      0 |   1 |  373.0 |
               +--------+--------+--------+--------+--------+-----+--------+

Top non-repeatable levels by time:
     D:3: 2304 daAuts
     D:7: 1996 daAuts
   Elf:2: 1889 daAuts
   Elf:3: 1434 daAuts
     D:8: 1387 daAuts
Shoals:2: 1233 daAuts
  Lair:1: 1214 daAuts
  Lair:6: 1191 daAuts
    D:12: 1180 daAuts
     D:6: 1168 daAuts
Shoals:1: 1094 daAuts
  Lair:4: 1074 daAuts
     D:5: 1036 daAuts
    D:14: 1023 daAuts
     D:4: 1003 daAuts
